 Dungeon Crawl Stone Soup version 0.25.1-2-g60ff931df9 (webtiles) character file.

Game seed: 9156307376368062341

163554 promet the Imperceptible (level 17, -4/126 HPs)
             Began as an Octopode Assassin on Sept 27, 2020.
             Was the Champion of Dithmenos.
             Slain by a demonic crawler (5 damage)
             ... on level 2 of the Spider Nest on Sept 30, 2020.
             The game lasted 08:08:04 (46753 turns).

promet the Imperceptible (Octopode Assassin)       Turns: 46753, Time: 08:08:04

Health: -4/126     AC:  4    Str: 26    XL:     17   Next: 53%
Magic:  28/28      EV: 17    Int: 15    God:    Dithmenos [******]
Gold:   1207       SH: 19    Dex: 19    Spells: 25/31 levels left

rFire    + . .     SeeInvis +   a - +8 rapier (drain)
rCold    + . .     Gourm    .   L - +3 kite shield {reflect}
rNeg     . . .     Faith    .   W - +2 hat
rPois    .         Spirit   .   g - amulet of reflection
rElec    .         Reflect  +   n - +4 ring of slaying
rCorr    .         Harm     .   t - +4 ring of protection
MR       ++...                  I - +6 ring of strength
Stlth    ++++++++++             h - ring of protection from fire
HPRegen  0.31/turn              H - ring of protection from cold
MPRegen  0.21/turn              V - ring of see invisible
                                f - +6 ring of strength
                                v - ring of protection from magic

@: corroded, wreathed by umbra
A: almost no armour, stealthy swim, amphibious, 8 rings, constrict 8, tentacle
spike 1, rugged brown scales 1, camouflage 1, clever 1, strong 1, gelatinous
body 1
}: 1/15 runes: decaying
a: Shadow Step, Shadow Form, Renounce Religion


You were on level 2 of the Spider Nest.
You worshipped Dithmenos.
Dithmenos was exalted by your worship.
You were not hungry.

You visited 6 branches of the dungeon, and saw 30 of its levels.

You collected 2528 gold pieces.
You spent 1321 gold pieces at shops.

Inventory:

Hand Weapons
 a - a +8 rapier of draining (weapon)
 b - the +7 hand crossbow of Earthquakes {elec, rPois rN+ Int-2 Dex+8}
   (You bought it in a shop on level 7 of the Dungeon)

   It charges the ammunition it shoots with electricity; occasionally upon a
   hit, such missiles may discharge and cause terrible harm.
   It affects your intelligence (-2).
   It affects your dexterity (+8).
   It protects you from poison.
   It protects you from negative energy.
 e - the +2 double sword "Bead" {protect, MR+ MP+9 Dex-2 SInv}
   (You bought it in a shop on level 2 of the Orcish Mines)

   It grants its wielder temporary protection when it strikes (+7 to AC).
   It affects your dexterity (-2).
   It affects your resistance to hostile enchantments.
   It affects your magic capacity (+9).
   It lets you see invisible.
 i - a +0 spear of flaming
 l - a +1 mace of holy wrath
 u - a +2 broad axe of electrocution
 x - a +0 shortbow of freezing
 Z - a +3 longbow of flaming
Missiles
 c - 789 arrows
 j - 8 curare-tipped darts
 k - 899 stones
 y - 38 poisoned darts (quivered)
 A - 5 throwing nets
 F - 8 javelins
 G - 10 atropa-tipped darts
 K - 106 sling bullets
 O - 144 bolts
Armour
 L - a +3 kite shield of reflection (worn)
 W - a +2 hat (worn)
Jewellery
 f - a +6 ring of strength (on tentacle)
 g - an amulet of reflection (around mantle)
 h - a ring of protection from fire (on tentacle)
 n - a +4 ring of slaying (left tentacle)
 t - a +4 ring of protection (right tentacle)
 v - a ring of protection from magic (on tentacle)
 H - a ring of protection from cold (on tentacle)
 I - a +6 ring of strength (on tentacle)
 V - a ring of see invisible (on tentacle)
Wands
 r - a wand of disintegration (5)
 B - a wand of iceblast (21)
 E - a wand of random effects (43)
 M - a wand of polymorph (6)
 T - a wand of acid (17)
Scrolls
 m - 10 scrolls of identify
 p - 10 scrolls of remove curse
 s - 5 scrolls of fear
 z - 2 scrolls of brand weapon
 D - 3 scrolls of amnesia
 J - a scroll of fog
 P - a scroll of holy word
 S - 3 scrolls of summoning
Potions
 o - 4 potions of magic
 q - 4 potions of curing
 w - a potion of brilliance
 C - 2 potions of lignification
 N - 3 potions of flight
 R - 2 potions of cancellation
 U - a potion of might
 X - a potion of haste
 Y - a potion of stabbing
Miscellaneous
 Q - a lightning rod (2/4)
Comestibles
 d - 42 rations


   Skills:
 * Level 13.5 Fighting
 + Level 12.3(12.4) Short Blades
 + Level 1.0(8.1) Long Blades
 + Level 0.4 Polearms
 + Level 6.1 Bows
 * Level 7.6 Crossbows
 + Level 5.0 Throwing
 + Level 7.4 Dodging
 + Level 22.5 Stealth
 + Level 4.9 Shields
 + Level 7.9 Spellcasting
 + Level 3.6 Charms
 + Level 5.9 Necromancy
 + Level 5.8 Earth Magic
 + Level 1.4 Evocations


You had 25 spell levels left.
You knew the following spells:

 Your Spells              Type           Power        Failure   Level  Hunger
a - Animate Skeleton      Necr           N/A          4%          1    None
b - Sandblast             Erth           ###...       4%          1    None
c - Stone Arrow           Conj/Erth      ##....       38%         3    ##.....
d - Infusion              Chrm           ###.         10%         1    None

Your spell library contained the following spells:

 Spells                   Type           Power        Failure   Level  Hunger
 Song of Slaying          Chrm           ###.....     16%         2    None
 Passwall                 Tmut/Erth      ##......     21%         2    None
 Shroud of Golubria       Chrm/Tloc      ##....       32%         2    None
 Apportation              Tloc           #.....       41%         1    None
 Corona                   Hex            #......      41%         1    None
 Summon Small Mammal      Summ           #...         41%         1    None
 Ozocubu's Armour         Chrm/Ice       ##......     54%         3    ##.....
 Spectral Weapon          Hex/Chrm       ##......     54%         3    ##.....
 Lee's Rapid Deconstruct  Erth           ###.......   73%         5    #####..
 Confusing Touch          Hex            #.......     80%         3    ##.....
 Gell's Gravitas          Tloc           #.........   80%         3    ##.....
 Recall                   Summ/Tloc      N/A          80%         3    ##.....
 Petrify                  Tmut/Erth      ##......     80%         4    ####...
 Bolt of Magma            Conj/Fire/Erth ##........   99%         5    #####..
 Iskenderun's Battlesphe  Conj/Chrm      ##......     99%         5    #####..
 Aura of Abjuration       Summ           #.........   100%        5    #####..
 Metabolic Englaciation   Hex/Ice        #.........   100%        5    #####..
 Summon Demon             Summ           #.........   100%        5    #####..
 Summon Forest            Summ/Tloc      #.........   100%        5    #####..
 Summon Mana Viper        Hex/Summ       #.......     100%        5    #####..
 Yara's Violent Unravell  Hex/Tmut       #.........   100%        5    #####..
 Iron Shot                Conj/Erth      ##........   100%        6    #######
 Shadow Creatures         Summ           N/A          100%        6    #######
 Orb of Destruction       Conj           #.........   100%        7    #######
 Spellforged Servitor     Conj/Summ      #.........   100%        7    #######


Dungeon Overview and Level Annotations

Branches:
Dungeon (15/15)            Temple (1/1) D:7            Lair (6/6) D:8
  Swamp (4/4) Lair:4       Spider (2/4) Lair:4        Slime (0/5) Lair:6
    Orc (2/2) D:11            Elf (0/3) Orc:2        Vaults (0/5) D:14
 Depths (0/5) D:15

Altars:
Ashenzari
Cheibriados
Dithmenos
Elyvilon
Fedhas
Gozag
Hepliaklqana
Kikubaaqudgha
Makhleb
Nemelex Xobeh
Okawaru
Qazlal
Ru
Sif Muna
Trog
Uskayaw
Vehumet
Wu Jian
Xom
Yredelemnul
Zin
The Shining One
Beogh
Jiyva

Shops:
D:5 =   D:7 [(   D:14 %   D:15 *   Orc:2 *([*

Portals:
Hell: Lair:6

Annotations:
D:4 Dowan, Duvessa
D:7 3 runed translucent doors, Morgon's ghost, novice CeTm; Snicker's ghost, novice DsAs
D:15 Roxanne
Lair:3 exclusion: oklob plant
Lair:5 exclusion: 5 oklob plants
Lair:6 1 runed translucent door
Swamp:1 1 runed translucent door, Ricegish's ghost, adept GnFi


Innate Abilities, Weirdness & Mutations

You cannot wear most types of armour.
You are very stealthy in the water. (Stealth+)
You are amphibious.
You can wear up to eight rings at the same time.
You can use your tentacles to constrict eight enemies at once.
Your skin changes colour to match your surroundings (Stealth+).
Your rubbery body absorbs attacks. (AC +1, EV +1)
One of your tentacles bears a spike.
You are partially covered in rugged brown scales. (AC +1, +3% HP)
Your mind is acute. (Int +2)
Your muscles are strong. (Str +2)


Message History

The entropy weaver hits you but does no damage.
The demonic crawler misses you. You block the demonic crawler's attack.
The demonic crawler misses you.
The +7 hand crossbow of Earthquakes {elec, rPois rN+ Int-2 Dex+8} stops crackling.
You sense an unholy aura.
a - a +8 rapier of draining (weapon)
You block the entropy weaver's attack. The entropy weaver hits you!
* * * LOW HITPOINT WARNING * * *
The entropy weaver hits you.
* * * LOW HITPOINT WARNING * * *
You block the entropy weaver's attack.
You puncture the entropy weaver! You grab the entropy weaver.
You pierce the entropy weaver, but do no damage.
You squeeze the entropy weaver!
The entropy weaver is heavily wounded.
You constrict the entropy weaver. The demonic crawler barely misses you.
The demonic crawler hits you.
* * * LOW HITPOINT WARNING * * *
The demonic crawler hits you.
You die...

≈..## .#..##...#
....## .^...##§§#
##...## .....§#§§#
#.....# #..§§§§#
##....#### #..§§§###
#...##≈≈.# #.##§§#.##
##....#..# # #§§s§..#
.#....#..#######as§.#
.#....#..#.#.#.§@§§^#
.#..#≈#....#...§§§###
.....###........###
#....#.#.##......#
.......#≈#......##
#####...>######..#
.........#.#.s...#
.....##..#.........
..####.......###....


You could see an entropy weaver (drained), a demonic crawler and a redback.

Vanquished Creatures
  3 thorn hunters
  Donald (Swamp:1)
  2 orc warlords (Orc:2)
  A ghost moth (Spider:1)
  An emperor scorpion (Spider:1)
  An entropy weaver (Spider:1)
  Nessos (D:12)
  A dire elephant (Lair:6)
  A fire dragon (Swamp:4)
  Josephine (Orc:1)
  Harold (D:8)
  4 vault guards (D:14)
  22 hydras
  2 shambling mangroves
  11 alligators
  3 centaur warriors
  3 two-headed ogres
  4 death yaks
  5 tengu warriors
  An ogre mage (D:14)
  2 spriggans
  A deep troll (shapeshifter) (D:13)
  3 unseen horrors (D:13)
  6 swamp dragons
  Pikel (D:8)
  4 spriggan druids
  A lindwurm (Lair:6)
  3 wizards
  5 orc knights
  A necromancer (D:15)
  7 ugly things
  6 orb spiders
  A wolf spider zombie (D:15)
  A deep elf mage (D:15)
  A wolf spider (Spider:1)
  5 orc sorcerers
  2 cyclopes
  4 elephants (Lair:4)
  3 black mambas
  2 torpor snails
  2 orange demons (Lair:6)
  14 spiny frogs
  3 gargoyles
  2 rime drakes (Lair:6)
  Maggie (D:8)
  2 tengu conjurers
  7 komodo dragons
  5 yaktaurs (D:15)
  2 ice devils (Lair:6)
  4 demonic crawlers
  2 freezing wraiths (D:14)
  An efreet (D:15)
  A queen bee (Lair:3)
  A hellwing (Lair:6)
  4 trolls
  A polar bear (shapeshifter) (D:14)
  10 tyrant leeches
  A merfolk (D:9)
  13 jumping spiders
  7 hornets
  6 polar bears
  Prince Ribbit (D:6)
  9 slime creatures
  9 bog bodies
  22 blink frogs
  A meliai zombie (D:12)
  4 hippogriffs
  23 redbacks
  2 shadows
  A vampire (D:10)
  5 tarantellas
  35 yaks
  5 wraiths
  3 wyverns
  4 basilisks
  A steam dragon (D:12)
  2 hungry ghosts
  22 vampire mosquitoes
  8 insubstantial wisps
  10 wargs
  2 soldier ants
  4 hell hounds (Lair:6)
  17 swamp worms
  11 water moccasins
  12 porcupines
  9 swamp drakes
  49 orc warriors
  A slave (D:8)
  3 black bears
  8 ice beasts
  3 sky beasts
  A necrophage (D:9)
  13 ogres
  A phantom (D:5)
  12 centaurs
  18 wolves
  17 crocodiles
  10 bullfrogs
  A wyvern skeleton (D:11)
  A scorpion (D:12)
  29 killer bees
  8 wights
  2 howler monkeys
  An electric eel (Lair:6)
  5 crimson imps
  A centaur zombie (D:11)
  7 jellies
  5 centaur skeletons
  5 hounds
  39 orc wizards
  25 orc priests
  A bullfrog skeleton (D:5)
  Terence (D:3)
  10 iguanas
  6 worker ants
  A killer bee zombie (D:5)
  2 bullfrog simulacra (D:10)
  A centaur simulacrum (D:10)
  2 worker ant zombies
  A gnoll (D:1)
  8 adders
  3 shadow imps
  A worker ant simulacrum (D:10)
  2 ufetubi (D:10)
  An ooze (D:1)
  5 worms
  2 dart slugs (D:2)
  12 leopard geckos
  96 orcs
  3 ball pythons
  6 bats
  5 giant cockroaches
  8 goblins
  8 hobgoblins
  9 jackals
  5 kobolds
  6 quokkas
  6 frilled lizards
  2 leopard gecko skeletons
  2 quokka skeletons (D:5)
  3 rats (D:1)
  A briar patch (Swamp:4)
  2 fungi
925 creatures vanquished.

Vanquished Creatures (collateral kills)
  A thorn hunter (Swamp:4)
  Snorg (Lair:6)
  2 hydras (Swamp:4)
  2 swamp dragons (Swamp:4)
  A torpor snail (Lair:6)
  5 spiny frogs
  A centaur skeleton (D:12)
  2 komodo dragons
  5 blink frogs
  3 dream sheep (Lair:6)
  A slime creature (D:12)
  A hippogriff (Lair:4)
  A wyvern (Lair:5)
  14 yaks
  2 water moccasins
  A porcupine (Lair:4)
  4 swamp drakes (Swamp:4)
  7 centaurs
  7 crocodiles
  A white imp (D:10)
  A leopard gecko (Lair:4)
  5 orcs
  A frilled lizard (Lair:4)
  6 fungi
  3 plants
78 creatures vanquished.

Vanquished Creatures (others)
  A spriggan (Swamp:3)
  An orc (D:5)
  A hobgoblin (D:3)
  A briar patch (Swamp:4)
  2 bushes (Lair:6)
  6 fungi (Lair:6)
  10 plants
22 creatures vanquished.

Grand Total: 1025 creatures vanquished

Notes
Turn   | Place    | Note
-------+----------+-------------------------------------------
     0 | D:1      | promet the Octopode Assassin began the quest for the Orb.
     0 | D:1      | Reached XP level 1. HP: 14/14 MP: 1/1
   160 | D:1      | Reached XP level 2. HP: 11/19 MP: 2/2
   354 | D:1      | Reached skill level 6 in Stealth
   632 | D:1      | Reached XP level 3. HP: 24/24 MP: 3/3
  1378 | D:2      | Reached skill level 7 in Stealth
  1378 | D:2      | Reached XP level 4. HP: 21/30 MP: 4/4
  1523 | D:2      | Found a stormy altar of Qazlal.
  1849 | D:2      | Found a faded altar of an unknown god.
  1856 | D:2      | Reached skill level 8 in Stealth
  1856 | D:2      | Reached XP level 5. HP: 24/35 MP: 5/5
  2366 | D:3      | Noticed an ogre
  2375 | D:3      | Killed an ogre
  2375 | D:3      | Reached XP level 6. HP: 31/41 MP: 6/6
  2687 | D:3      | Found a white marble altar of Elyvilon.
  2722 | D:3      | Learned a level 1 spell: Animate Skeleton
  3004 | D:3      | Noticed Terence
  3008 | D:3      | Killed Terence
  3150 | D:3      | Reached skill level 9 in Stealth
  3427 | D:4      | Noticed a phantom
  4586 | D:4      | Noticed Duvessa
  4586 | D:4      | Noticed Dowan
  4611 | D:5      | Entered Level 5 of the Dungeon
  4614 | D:5      | Reached XP level 7. HP: 35/47 MP: 7/7
  5088 | D:5      | Found a snail-covered altar of Cheibriados.
  5131 | D:5      | Found Bautugakh's Jewellery Shoppe.
  5361 | D:5      | Reached skill level 10 in Stealth
  5502 | D:5      | Found a radiant altar of Vehumet.
  5813 | D:6      | Reached XP level 8. HP: 29/54 MP: 8/8
  5966 | D:6      | Noticed Prince Ribbit
  5969 | D:6      | Found a hide-covered altar of Uskayaw.
  5978 | D:6      | Killed Prince Ribbit
  6054 | D:6      | Reached skill level 11 in Stealth
  6626 | D:6      | Found an opulent altar of Gozag.
  7081 | D:6      | Learned a level 1 spell: Sandblast
  7242 | D:6      | Reached skill level 5 in Fighting
  7242 | D:6      | Reached skill level 1 in Bows
  7242 | D:6      | Reached skill level 12 in Stealth
  7355 | D:6      | Reached skill level 5 in Short Blades
  7355 | D:6      | Reached XP level 9. HP: 61/61 MP: 10/10
  7551 | D:7      | Found a bloodstained altar of Trog.
  7554 | D:7      | Found a glowing golden altar of the Shining One.
  7571 | D:6      | Reached skill level 1 in Spellcasting
  7837 | D:7      | Found Xudicvoo's Antique Weapon Shop.
  7861 | D:7      | Bought a crystal hand crossbow for 221 gold pieces
  7861 | D:7      | Identified the +7 hand crossbow of Earthquakes {elec, rPois
                  | rN+ Int-2 Dex+8} (You bought it in a shop on level 7 of the
                  | Dungeon)
  7943 | D:7      | Reached skill level 1 in Necromancy
  8041 | D:7      | Found Ubottecy's Armour Shop.
  8519 | D:7      | Found a staircase to the Ecumenical Temple.
  8528 | Temple   | Entered the Ecumenical Temple
  8583 | Temple   | Became a worshipper of Dithmenos the Shadowed
  8638 | D:7      | Found a runed translucent gate.
  8638 | D:7      | Found a runed translucent gate.
  8638 | D:7      | Found a runed translucent gate.
  8653 | D:7      | Noticed Snicker's ghost (novice DsAs)
  8653 | D:7      | Noticed Snicker's ghost (novice DsAs)
  8654 | D:7      | Noticed Morgon's ghost (novice CeTm)
  8976 | D:8      | Noticed Harold
  8987 | D:8      | Killed Harold
  9225 | D:8      | Noticed Maggie
  9452 | D:8      | Noticed Pikel
  9469 | D:8      | Killed Pikel
  9469 | D:8      | Reached skill level 13 in Stealth
  9469 | D:8      | Reached skill level 1 in Earth Magic
  9469 | D:8      | Reached XP level 10. HP: 65/69 MP: 12/12
  9523 | D:8      | Found a shadowy altar of Dithmenos.
  9635 | D:8      | Killed Maggie
  9792 | D:8      | Found a staircase to the Lair.
 10996 | D:9      | Found a sacrificial altar of Ru.
 11457 | D:9      | Noticed a cyclops
 11483 | D:9      | Killed a cyclops
 11793 | D:9      | Reached * piety under Dithmenos
 12368 | D:10     | Entered Level 10 of the Dungeon
 12553 | D:10     | Reached XP level 11. HP: 75/75 MP: 14/14
 12568 | D:10     | Reached skill level 5 in Bows
 12582 | D:9      | Reached skill level 14 in Stealth
 13734 | D:10     | Reached ** piety under Dithmenos
 14281 | Lair:1   | Entered Level 1 of the Lair of Beasts
 14682 | Lair:1   | Reached skill level 1 in Crossbows
 16856 | Lair:2   | Reached XP level 12. HP: 84/84 MP: 16/16
 16862 | Lair:2   | Reached skill level 15 in Stealth
 17369 | Lair:3   | Reached *** piety under Dithmenos
 17416 | Lair:3   | Noticed a seven-headed hydra
 17422 | Lair:3   | Killed a seven-headed hydra
 17519 | Lair:3   | Found a blossoming altar of Fedhas.
 17663 | Lair:2   | HP: 4/85 [poisoned by a killer bee]
 20408 | Lair:4   | Noticed a four-headed hydra
 20415 | Lair:4   | Killed a four-headed hydra
 20415 | Lair:4   | Reached skill level 16 in Stealth
 20417 | Lair:4   | Noticed a death yak
 20419 | Lair:4   | Noticed a death yak
 20419 | Lair:4   | Noticed a death yak
 20471 | Lair:3   | Killed a death yak
 20718 | Lair:4   | Noticed a seven-headed hydra
 20727 | Lair:4   | Killed a seven-headed hydra
 20954 | Lair:4   | Killed a death yak
 20954 | Lair:4   | Reached XP level 13. HP: 80/92 MP: 18/18
 20963 | Lair:4   | Reached skill level 5 in Dodging
 21279 | Lair:4   | Reached **** piety under Dithmenos
 21451 | Lair:4   | Found a hole to the Spider Nest.
 21476 | Lair:4   | Reached skill level 10 in Fighting
 21536 | Lair:4   | Reached skill level 10 in Short Blades
 22717 | Lair:4   | Found a staircase to the Swamp.
 22921 | Lair:5   | Gained mutation: One of your tentacles bears a spike.
                  | [potion of mutation]
 22921 | Lair:5   | Gained mutation: Your mind is acute. (Int +2) [potion of
                  | mutation]
 22921 | Lair:5   | Gained mutation: You are partially covered in rugged brown
                  | scales. (AC +1, +3% HP) [potion of mutation]
 22921 | Lair:5   | Gained mutation: Your muscles are strong. (Str +2) [potion
                  | of mutation]
 23002 | Lair:5   | Reached ***** piety under Dithmenos
 23002 | Lair:5   | Reached skill level 17 in Stealth
 23397 | Lair:5   | Reached skill level 5 in Crossbows
 24232 | Lair:6   | Entered Level 6 of the Lair of Beasts
 24737 | Lair:6   | Reached XP level 14. HP: 54/101 MP: 21/21
 24970 | Lair:6   | Reached skill level 18 in Stealth
 25081 | Lair:6   | Noticed Snorg
 25088 | Lair:6   | Killed Snorg
 25088 | Lair:6   | Reached skill level 5 in Spellcasting
 25093 | Lair:6   | Learned a level 3 spell: Stone Arrow
 25286 | Lair:6   | Found a runed translucent door.
 25290 | Lair:6   | Found a viscous altar of Jiyva.
 25738 | Lair:6   | Noticed a dire elephant
 25746 | Lair:6   | Killed a dire elephant
 26128 | Lair:6   | Found a burning altar of Makhleb.
 26472 | Lair:6   | Found a staircase to the Slime Pits.
 26760 | D:5      | Bought an uncursed ring of protection from fire for 325
                  | gold pieces
 27406 | Lair:6   | Found a gateway to Hell.
 28235 | D:11     | Reached ****** piety under Dithmenos
 28434 | D:11     | Reached skill level 19 in Stealth
 28674 | D:11     | Found a staircase to the Orcish Mines.
 29088 | D:12     | Noticed Nessos
 29092 | D:12     | Killed Nessos
 29222 | D:12     | Reached skill level 5 in Necromancy
 30678 | D:13     | Reached XP level 15. HP: 88/111 MP: 24/24
 31049 | D:14     | Found Uluror's Food Boutique.
 31202 | D:14     | Reached skill level 20 in Stealth
 31366 | D:14     | Found a gate to the Vaults.
 31533 | D:14     | Reached skill level 1 in Shields
 32628 | D:15     | Entered Level 15 of the Dungeon
 32628 | D:15     | Found Tyda's Assorted Antiques.
 32631 | D:15     | Bought a scroll labeled HADAROU SAGEUS for 38 gold pieces
 32631 | D:15     | Bought a scroll labeled JOCWOLA YWOME for 38 gold pieces
 33595 | D:15     | Acquired the +0 hat of Betuhips {rF+}
 33605 | D:15     | Noticed Roxanne
 34066 | D:15     | Found a staircase to the Depths.
 34350 | Orc:1    | Entered Level 1 of the Orcish Mines
 34414 | Orc:1    | You fall into a shaft and drop 1 floor!
 34414 | Orc:2    | Entered Level 2 of the Orcish Mines
 34511 | Orc:2    | Found a roughly hewn altar of Beogh.
 34511 | Orc:2    | Found Owouch's General Store.
 34845 | Orc:2    | Noticed an orc warlord
 34880 | Orc:2    | Killed an orc warlord
 35023 | Orc:2    | Found a staircase to the Elven Halls.
 35227 | Orc:1    | Noticed Josephine
 35235 | Orc:1    | Reached skill level 5 in Throwing
 35239 | Orc:1    | Killed Josephine
 35905 | Orc:1    | Reached skill level 1 in Evocations
 36102 | Orc:2    | Found a roughly hewn altar of Beogh.
 36316 | Orc:2    | Noticed an orc warlord
 36349 | Orc:2    | Killed an orc warlord
 36349 | Orc:2    | Reached XP level 16. HP: 46/119 MP: 27/27
 36730 | Orc:2    | Found a roughly hewn altar of Beogh.
 36762 | Orc:2    | Found Ifoosub's General Store.
 36770 | Orc:2    | Bought a scroll of teleportation for 45 gold pieces
 36947 | Orc:2    | Found Founoak's Antique Armour Shop.
 36951 | Orc:2    | Found a roughly hewn altar of Beogh.
 36959 | Orc:2    | Found Sekhuymn's Antique Weapon Boutique.
 36985 | Orc:2    | Bought a runed hat for 154 gold pieces
 38210 | Orc:2    | Bought a shimmering double sword for 500 gold pieces
 38213 | Orc:2    | Identified the +2 double sword "Bead" {protect, MR+ MP+9
                  | Dex-2 SInv} (You bought it in a shop on level 2 of the
                  | Orcish Mines)
 38554 | Swamp:1  | Entered Level 1 of the Swamp
 38575 | Swamp:1  | Reached skill level 5 in Earth Magic
 38715 | Swamp:1  | Reached skill level 21 in Stealth
 38744 | Swamp:1  | Found a runed translucent door.
 38744 | Swamp:1  | Found a shimmering altar of Xom.
 38744 | Swamp:1  | Noticed Ricegish's ghost (adept GnFi)
 39347 | Swamp:2  | Reached skill level 1 in Long Blades
 39535 | Swamp:2  | Noticed Donald
 40302 | Swamp:2  | Learned a level 1 spell: Infusion
 40899 | Swamp:3  | Noticed a thorn hunter
 40902 | Swamp:3  | Killed a thorn hunter
 40902 | Swamp:3  | Reached skill level 1 in Charms
 41830 | Swamp:4  | Entered Level 4 of the Swamp
 42061 | Swamp:4  | Noticed a thorn hunter
 42265 | Swamp:4  | Killed a thorn hunter
 42691 | Swamp:4  | Noticed a thorn hunter
 42692 | Swamp:4  | Reached skill level 22 in Stealth
 42705 | Swamp:4  | Killed a thorn hunter
 42852 | Swamp:4  | Noticed a thorn hunter
 42864 | Swamp:4  | Killed a thorn hunter
 42882 | Swamp:4  | Reached XP level 17. HP: 82/125 MP: 28/28
 43745 | Swamp:4  | Got a decaying rune of Zot
 44191 | Swamp:1  | Killed Donald
 44623 | Spider:1 | Entered Level 1 of the Spider Nest
 46752 | Spider:2 | HP: 6/126 [entropy weaver (6)]
 46753 | Spider:2 | HP: 1/126 [demonic crawler (5)]
 46753 | Spider:2 | Slain by a demonic crawler

Illustrated notes

Levels and vault maps discovered:
D:1:      nicolae_arrival_washed_ashore, layout_basic, serial_bayou_pond_d
D:2:      layout_basic, chequers_ecumenical_altar_simple,
          nicolae_qazlal_general_emergency
D:3:      layout_loops_ring, elyvilon_altar_4, grunt_ministairs_1, uniq_terence
D:4:      layout_cave_pods, first_ration, uniq_duvessa
D:5:      layout_loops_ring, kennysheep_little_box, cheibriados_altar_1,
          serial_shops, shop, nrook_campfire, chequers_big_river,
          corner_web_ring
D:6:      layout_gridville, eat_drink_and_be_merry_uskayaw, lemuel_round_altar,
          uniq_prince_ribbit1
D:7:      layout_basic, grunt_temple_overflow_open, minmay_temple_entry_hall,
          gammafunk_ghost_cemetery, serial_shops, shop, shop
D:8:      layout_cave_pods, lair_entry_dummy, serial_park, serial_park_tiny_1,
          serial_park_paths [serial_park_minivault_5x5_5],
          nicolae_dithmenos_shadow_blocks, uniq_pikel, uniq_harold, uniq_maggie
D:9:      layout_stronghold, nicolae_ru_the_path_less_chosen,
          hangedman_fish_farm, kennysheep_windowed_goal
D:10:     layout_rooms, serial_ice, serial_ice_l, serial_ice_e, serial_ice_o,
          serial_ice_f, serial_ice_h
D:11:     layout_basic, david_orc_1_choice, palyth_stone_intersect
D:12:     layout_gridville, uniq_nessos
D:13:     layout_roguey
D:14:     layout_cave_pools, grunt_vaults_entry_fortified, serial_shops,
          nicolae_shop_window_shopping, minivault_25_ag, st_stairs_12
D:15:     grunt_enter_depths_magical_seal, layout_loops_ring, serial_shops,
          shop, uniq_roxanne
Temple:   nicolae_temple_great_sept
Lair:1:   layout_roguey, cheibrodos_lair_lostbears
Lair:2:   layout_regular_city
Lair:3:   layout_roguey, special_room [special_room_bee], tgw_fedhas
Lair:4:   lemuel_reptile_caves, layout_misc_corridors, palyth_hydra_swamp_entry,
          dummy_spider_entry, grunt_megastairs_3
Lair:5:   layout_gridlike, forest_entry_grove, minmay_lair_oklob_chamber
Lair:6:   evil_forest, layout_gridlike, slime_altar_2,
          minmay_stone_trees_medium, serial_bayou_shore_b, grunt_megastairs_5,
          infiniplex_staircase_pool, uniq_snorg
Swamp:1:  layout_falls_marsh, ebering_ghost_xom, nicolae_swamp_fairy_circle
Swamp:2:  layout_falls_marsh, serial_swamp_ruin, evilmike_swamp_ruin_house_4,
          hangedman_swamp_ruin_wall, uniq_donald
Swamp:3:  layout_falls_marsh, hangedman_swamp_blocks, swamp_pool3
Swamp:4:  swamp, layout_basic_swamp, nicolae_swamp_round_clearing
Spider:1: layout_chambers, drop_trap
Spider:2: layout_spider_delve, uniq_arachne, uniq_asterion
Orc:1:    layout_diamond_mine, uniq_josephine
Orc:2:    grunt_orc_community_town_hall, layout_diamond_mine,
          grunt_orc_community_big_house_1, grunt_orc_community_big_house_2,
          grunt_orc_community_house_2, grunt_orc_community_house_1,
          grunt_orc_community_house_1, grunt_orc_community_house_1,
          grunt_orc_community_house_2, grunt_orc_community_house_2,
          special_room, nicolae_orc_lava_tube, nooodl_orcs_dogs

Skill      XL: |  1  2  3  4  5  6  7  8  9 10 11 12 13 14 15 16 17 |
---------------+----------------------------------------------------+-----
Stealth        | 6 7 8 9 10 12 13 14 16 17 19 20 22 | 22.5
Short Blades   | 3 4 5 6 7 8 9 10 11 12 | 12.3
Fighting       | 3 4 5 6 7 8 9 10 11 12 13 | 13.5
Dodging        | 2 3 4 5 6 7 |  7.4
Throwing       | 3 4 5 |  5.0
Bows           | 1 4 6 |  6.1
Spellcasting   | 1 2 3 4 6 7 |  7.9
Necromancy     | 1 2 3 4 5 |  5.9
Earth Magic    | 1 3 4 5 |  5.8
Crossbows      | 2 4 5 6 7 |  7.6
Shields        | 2 4 |  4.9
Evocations     | 1 |  1.4
Long Blades    | 1 |  1.0
Charms         | 3 |  3.6
Polearms       | |  0.4

Action                   |  1- 3 |  4- 6 |  7- 9 | 10-12 | 13-15 | 16-18 || total
-------------------------+-------+-------+-------+-------+-------+-------++-------
Melee: Dagger            |    37 |    19 |       |       |       |       ||    56
       Constrict         |     6 |    16 |    19 |    29 |   127 |    60 ||   257
       Tentacles         |     4 |    16 |    15 |    49 |   181 |   104 ||   369
       Rapier            |       |    94 |   113 |   278 |   735 |   388 ||  1608
       Mace              |       |       |       |     3 |       |       ||     3
       Spear             |       |       |       |     2 |     9 |       ||    11
       Kick              |       |       |       |       |   260 |   165 ||   425
       Double sword      |       |       |       |       |       |    19 ||    19
 Fire: Shortbow          |       |       |    34 |    94 |       |       ||   128
       Hand crossbow     |       |       |       |    77 |   153 |    73 ||   303
Throw: Dart              |       |    11 |    19 |    18 |    27 |     7 ||    82
       Javelin           |       |       |       |     8 |     4 |       ||    12
       Stone             |       |       |       |     1 |       |       ||     1
 Cast: Animate Skeleton  |       |       |     9 |    39 |   129 |    36 ||   213
       Sandblast         |       |       |       |     8 |    16 |     3 ||    27
Evoke: Lightning rod     |       |       |       |     2 |     5 |     5 ||    12
       Wand              |       |       |       |     1 |     9 |     1 ||    11
  Use: Scroll            |     7 |     4 |     9 |    14 |    18 |    13 ||    65
       Potion            |     2 |     2 |     3 |     4 |     6 |     8 ||    25
 Stab: Sleeping          |     8 |    14 |    15 |    35 |   104 |    78 ||   254
       Distracted        |       |       |     2 |     5 |    14 |     7 ||    28
       Held in net/web   |       |       |     2 |       |       |       ||     2
       Invisible         |       |       |       |     2 |     1 |       ||     3
       Confused          |       |       |       |       |       |     1 ||     1
  Eat: Chunk             |       |    10 |    10 |    19 |    32 |    15 ||    86
       Ration            |       |       |     2 |     5 |     5 |     5 ||    17
Armor: Skin              |     2 |     5 |     9 |    37 |    58 |    49 ||   160
Dodge: Dodged            |    16 |    46 |    55 |   329 |   359 |   154 ||   959
Block: Other             |       |       |    11 |    96 |    66 |       ||   173
       Reflection        |       |       |     2 |     4 |    38 |     5 ||    49
       Kite shield       |       |       |       |       |   199 |   295 ||   494
       Rpst.: Double sword |       |       |       |       |       |     2 ||     2
